 Dungeon Crawl Stone Soup version 0.26-a0-812-g31a745ddcd (webtiles) character file.

Game seed: 11911018177139869965

10 kae the Insei (level 2, -1/16 HPs)
             Began as a Tengu Transmuter on Nov 19, 2020.
             Slain by a kobold
             ... wielding a +0 short sword
              (5 damage)
             ... on level 1 of the Dungeon.
             The game lasted 00:00:23 (906 turns).

kae the Insei (Tengu Transmuter)                     Turns: 906, Time: 00:00:23

Health: -1/16      AC:  2    Str: 10    XL:     2   Next: 20%
Magic:  4/6        EV: 12    Int: 13    God:
Gold:   39         SH:  0    Dex: 14    Spells: 4/5 levels left

rFire    . . .     SeeInvis .     - Unarmed
rCold    . . .     Faith    .   (no shield)
rNeg     . . .     Spirit   .   a - +0 robe
rPois    .         Reflect  .   (helmet currently unavailable)
rElec    .         Harm     .   (no cloak)
rCorr    .         Rampage  .   (no gloves)
MR       .....                  (boots unavailable)
Stlth    +.........             (no amulet)
HPRegen  0.05/turn              (no ring)
MPRegen  0.10/turn              (no ring)

@: appendages (expiring)
A: beak, horns 2, talons 3
a: End Transformation


You were on level 1 of the Dungeon.
You had grown temporary horns.
You visited 1 branch of the dungeon, and saw 1 of its levels.

You collected 39 gold pieces.

Inventory:

Hand Weapons
 e - a +2 mace of holy wrath
Armour
 a - a +0 robe (worn)
Jewellery
 c - an uncursed ring of see invisible {unknown}
Scrolls
 b - 2 scrolls of teleportation {unknown}
Potions
 d - a potion of might {unknown}
 f - a potion of curing {unknown}
 g - a potion of lignification {unknown}
 h - a potion of heal wounds {unknown}


   Skills:
 + Level 1.2 Fighting
 - Level 2.1 Dodging
 + Level 3.4 Unarmed Combat
 + Level 2.1 Spellcasting
 * Level 1.9 Transmutations


You had 4 spell levels left.
You knew the following spells:

 Your Spells              Type           Power        Failure   Level
a - Beastly Appendage     Tmut           #.....       12%         1

Your spell library contained the following spells:

 Spells                   Type           Power        Failure   Level
 Wereblood                Tmut           #.......     17%         2
 Spider Form              Tmut/Pois      #.........   45%         3
 Ice Form                 Ice/Tmut       #.......     86%         4
 Blade Hands              Tmut           #.........   97%         5


Dungeon Overview and Level Annotations

Branches:
Dungeon (1/15)

Altars:


Innate Abilities, Weirdness & Mutations

You have a beak for a mouth.
You have claws for feet.
You have a pair of horns on your head.


Message History

The kobold throws a stone.
The stone hits you.
You see here a stone.
Casting: Beastly Appendage (safe; 12% risk of failure)
Confirm with . or Enter, or press ? or * to list all spells.
You extend your transformation's duration.
The kobold hits the bush but does no damage.
The kobold closely misses you.
The kobold hits the bush with a +0 whip.
The kobold hits the bush but does no damage.
The kobold hits you with a +0 short sword.
* * * LOW HITPOINT WARNING * * *
The kobold hits the bush but does no damage. x3
You closely miss the kobold. Your headbutt misses the kobold.
Your transformation is almost over.
The kobold hits you but does no damage.
The kobold completely misses the bush.
The kobold hits the bush but does no damage. x2
You hit the kobold. Your kick misses the kobold.
The kobold is moderately wounded.
The kobold hits you with a +0 short sword.
You die...

.8.⌠.8)#....#..#.# #.............
.......#....#..#.###.............
.......#.##.#..#.##...........###
#+###'##.........##...........#
#.....##.##...................#
..###.##.###.....##...........###
.## #....#.'...................(.
.# ####.#.#.....##..............
.## #.#.#####@#######.........
..# #.#.#


♣PPKPP #......... #.# #.#.# #PKKKPP♣ #......... #'### #.#.# P..K..P♣ #.........
....# #.#.#♣≈......# #......... ....# .#.#P...§...♣ #......... ....#
#.#P.......♣ #......... ##+## #.#♣P÷)...P♣ #......... ##########.#♣P#...PP♣
#......... You could see 5 kobolds.

Vanquished Creatures
  A leopard gecko (D:1)
  A bat (D:1)
  A hobgoblin (D:1)
  2 kobolds (D:1)
  4 rats (D:1)
9 creatures vanquished.

Vanquished Creatures (others)
  A plant (D:1)
1 creature vanquished.

Grand Total: 10 creatures vanquished

Notes
Turn   | Place    | Note
-------+----------+-------------------------------------------
     0 | D:1      | kae the Tengu Transmuter began the quest for the Orb.
     0 | D:1      | Reached XP level 1. HP: 12/12 MP: 4/4
   450 | D:1      | Reached XP level 2. HP: 16/16 MP: 4/6
   906 | D:1      | Slain by a kobold

Illustrated notes

Levels and vault maps discovered:
D:1:      dpeg_arrival_simpleton_b, layout_basic, minmay_crystal_room,
          hangedman_decor_points, columned_hall_lemuel,
          kennysheep_decorative_pillar, minmay_misc_feat_square,
          lexackson_kobold_supper

Action                   || total
-------------------------++-------
Melee: Unarmed           ||    19
       Kick              ||     2
       Peck              ||     2
       Headbutt          ||     1
 Cast: Beastly Appendage ||    12
Armor: Robe              ||     7
Dodge: Dodged            ||     7

Table legend: (Time is in decaauts)
 A = Elapsed time spent in this place.
 B = Non-inter-level travel time spent in this place.
 C = Inter-level travel time spent in this place.
 D = Time resting spent in this place.
 E = Time spent auto-exploring this place.
 F = Levels seen in this place.
 G = Mean time per level.
                   A        B        C        D        E       F      G
               +--------+--------+--------+--------+--------+-----+--------+
         Total |    904 |    904 |      0 |      0 |    821 |   1 |  904.0 |
       Dungeon |    904 |    904 |      0 |      0 |    821 |   1 |  904.0 |
               +--------+--------+--------+--------+--------+-----+--------+

Top non-repeatable levels by time:
     D:1: 904 daAuts
